 Dungeon Crawl Stone Soup version 0.24.0-1-gfbc8707 (webtiles) character file.

Game seed: 5688076283096469186, levelgen mode: deterministic

380 porkupine the Poker (level 6, -4/56 HPs)
             Began as a Minotaur Abyssal Knight on Nov 9, 2019.
             Was a Believer of Lugonu.
             Slain by an ogre
             ... wielding a +0 giant club
              (17 damage)
             ... on level 4 of the Dungeon.
             The game lasted 00:10:46 (3442 turns).

porkupine the Poker (Minotaur Abyssal Knight)       Turns: 3442, Time: 00:10:46

Health: -4/56      AC: 12    Str: 19    XL:     6   Next: 46%
Magic:  6/6        EV:  6    Int: 11    God:    Lugonu [**....]
Gold:   159        SH:  0    Dex:  9    Spells: 5/5 levels left

rFire    . . .     SeeInvis .   k - +0 trident
rCold    + . .     Gourm    .   (no shield)
rNeg     . . .     Faith    .   t - +1 plate armour
rPois    .         Spirit   .   (helmet restricted)
rElec    .         Reflect  .   (no cloak)
rCorr    .         Harm     .   (no gloves)
MR       .....                  (no boots)
Stlth    ..........             (no amulet)
HPRegen  0.18/turn              b - ring of protection from cold
MPRegen  0.10/turn              j - +2 ring of intelligence

@: no status effects
A: retaliatory headbutt, horns 2
a: Depart the Abyss, Bend Space, Renounce Religion


You were on level 4 of the Dungeon.
You worshipped Lugonu.
Lugonu was pleased with you.
You were not hungry.

You visited 1 branch of the dungeon, and saw 4 of its levels.
You visited the Abyss 1 time.

You collected 159 gold pieces.

Inventory:

Hand Weapons
 d - a +1 hunting sling of velocity
 k - a +0 trident (weapon)
 m - a +2 short sword of holy wrath
 p - a +0 scythe
Missiles
 a - 2 atropa-tipped darts
 e - 82 arrows
 g - 7 javelins (quivered)
 u - 3 boomerangs
Armour
 t - a +1 plate armour (worn)
Jewellery
 b - a ring of protection from cold (left hand)
 j - a +2 ring of intelligence (right hand)
 q - an uncursed ring of fire
 s - an uncursed ring of protection from fire
 A - an uncursed ring of positive energy
Scrolls
 f - a scroll of amnesia {unknown}
 n - a scroll of identify
 r - a scroll of random uselessness {unknown}
 v - 2 scrolls of teleportation
 w - a scroll of blinking
 y - a scroll of noise {unknown}
Potions
 h - a potion of ambrosia {unknown}
 i - 2 potions of curing
 l - a potion of brilliance {unknown}
 o - a potion of agility {unknown}
 x - 2 potions of mutation {unknown}
 z - 2 potions of heal wounds
 B - 2 potions of haste {unknown}
Comestibles
 c - 10 rations
 C - 2 chunks of flesh


   Skills:
 + Level 5.3 Fighting
 + Level 5.9 Polearms
 + Level 4.0 Armour
 + Level 2.1 Dodging
 + Level 0.2 Stealth
 + Level 2.2 Invocations


You had 5 spell levels left.
You didn't know any spells.
Your spell library contained the following spells:

 Spells                   Type           Power        Failure   Level  Hunger
 Summon Small Mammal      Summ           #...         100%        1    ##.....
 Call Imp                 Summ           #.......     100%        2    ###....
 Call Canine Familiar     Summ           #.......     100%        3    ####...
 Summon Guardian Golem    Hex/Summ       #.......     100%        3    ####...
 Summon Ice Beast         Ice/Summ       #.......     100%        4    #####..
 Summon Lightning Spire   Summ/Air       #.......     100%        4    #####..


Dungeon Overview and Level Annotations

Branches:
Dungeon (4/15)
 Temple: D:4-7

Altars:


Innate Abilities, Weirdness & Mutations

You reflexively headbutt those who attack you in melee.
You have a pair of horns on your head.


Message History

You reach to attack!
You hit the ogre.
The ogre is lightly wounded.
Your plate armour prevents you from hitting the ogre.
The ogre is lightly wounded.
Your plate armour prevents you from hitting the ogre.
Your headbutt misses the ogre.
The ogre is lightly wounded.
The ogre hits you with a +0 giant club!!
You puncture the ogre!
The ogre is heavily wounded.
The ogre hits you with a +0 giant club!!
* * * LOW HITPOINT WARNING * * *
You hit the ogre but do no damage. Your headbutt misses the ogre.
The ogre is heavily wounded.
The ogre hits you with a +0 giant club.
* * * LOW HITPOINT WARNING * * *
You puncture the ogre! Your headbutt misses the ogre.
The ogre is almost dead.
The ogre hits you with a +0 giant club!
You die...

#..................#..#....
###.......................
.........##..........#.....
....#....#.....##...##..##..
.#. ##...#..............# .
. ##..........##....##
...#.......#...##.##
#........##...###
#......O@..(>.#
.........#..#...#
.......###### ### #.#.....#
#########


You could see an ogre.

Vanquished Creatures
  Sigmund (D:2)
  A hound (D:4)
  An orc priest (D:2)
  An orc wizard (D:2)
  A hound skeleton (D:4)
  3 gnolls (D:2)
  An adder (D:4)
  3 worms
  A dart slug (D:1)
  3 leopard geckos (D:3)
  6 orcs
  4 bats
  3 giant cockroaches
  11 goblins
  6 hobgoblins
  9 jackals (D:1)
  9 kobolds
  A quokka (D:3)
  4 frilled lizards
  6 rats
75 creatures vanquished.

Notes
Turn   | Place    | Note
-------+----------+-------------------------------------------
     0 | Abyss:1  | porkupine the Minotaur Abyssal Knight began the quest for
                  | the Orb.
     0 | Abyss:1  | Reached XP level 1. HP: 19/19 MP: 1/1
    44 | Abyss:1  | Noticed a small abomination
    54 | Abyss:1  | Noticed a large abomination
    95 | Abyss:1  | Noticed a thrashing horror
    99 | D:1      | Escaped the Abyss
   464 | D:1      | Reached * piety under Lugonu
   464 | D:1      | Reached XP level 2. HP: 15/27 MP: 2/2
  1118 | D:1      | Reached XP level 3. HP: 34/34 MP: 3/3
  1508 | D:2      | Reached XP level 4. HP: 29/41 MP: 4/4
  1528 | D:2      | Reached ** piety under Lugonu
  2010 | D:2      | Noticed Sigmund
  2037 | D:2      | Killed Sigmund
  2037 | D:2      | Reached skill level 5 in Fighting
  2037 | D:2      | Reached skill level 5 in Polearms
  2037 | D:2      | Reached XP level 5. HP: 24/48 MP: 5/5
  2037 | D:2      | Reached XP level 6. HP: 28/56 MP: 6/6
  3442 | D:4      | Slain by an ogre

Levels and vault maps discovered:
D:1:      saegor_arrival_under_anarchy, layout_basic, minmay_misc_feat_doors,
          minmay_crystal_room
D:2:      cheibrodos_pilgrimage, layout_basic, fountainhead,
          minmay_pentomino_z4, uniq_sigmund
D:3:      layout_loops_corners, first_ration
D:4:      layout_cave_pools, kennysheep_little_box, uniq_menkaure

Skill      XL: |  1  2  3  4  5  6 |
---------------+-------------------+-----
Invocations    | 2 |  2.2
Fighting       | 4 5 |  5.3
Polearms       | 3 5 |  5.9
Armour         | 3 4 |  4.0
Dodging        | 2 |  2.1
Stealth        | |  0.2

Action                   |  1- 3 |  4- 6 || total
-------------------------+-------+-------++-------
Melee: Spear             |    89 |    18 ||   107
       Headbutt          |    11 |    19 ||    30
       Trident           |       |   158 ||   158
Invok: Depart the Abyss  |     1 |       ||     1
  Use: Scroll            |     6 |     4 ||    10
       Potion            |     1 |     1 ||     2
  Eat: Chunk             |     2 |     6 ||     8
Armor: Ring mail         |    12 |       ||    12
       Leather armour    |     1 |       ||     1
       Scale mail        |    27 |    16 ||    43
       Plate armour      |       |    46 ||    46
Dodge: Dodged            |    30 |    27 ||    57
